 Dungeon Crawl Stone Soup version 0.30-a0-852-g08b95dd62f (webtiles) character file.

Game seed: 17018613432954324981

7 holysushi the Insei (level 2, 25/25 HPs)
             Began as a Djinni Monk on Mar 4, 2023.
             Quit the game on level 2 of the Dungeon.
             The game lasted 00:02:45 (858 turns).

holysushi the Insei (Djinni Monk)                    Turns: 858, Time: 00:02:45

Health: 25/25      AC:  5    Str: 10    XL:     2   Next: 10%
Gold:   89         EV: 13    Int: 11    God:
                   SH:  0    Dex: 15

rFire   + + .      SeeInvis .      - Unarmed
rCold   x . .      Faith    .    (no shield)
rNeg    . . .      Spirit   .    a - +0 robe
rPois   ∞          Reflect  .    (no helmet)
rElec   .          Rampage  .    (no cloak)
rCorr   .                        f - +2 pair of gloves
Will    .....                    (boots unavailable)
Stlth   ++                       (no amulet)
HPRegen 0.24/turn                (no ring)
MPRegen 0.00/turn                (no ring)

@: flying
A: sickness immunity, fire resistance 2, cold vulnerability 1, float, innate
caster, HP casting, extra vitality 1
a: no special abilities


You were on level 2 of the Dungeon.
You visited 1 branch of the dungeon, and saw 2 of its levels.

You collected 89 gold pieces.

Inventory:

Armour
 a - a +0 robe (worn)
 f - a +2 pair of gloves (worn)
Scrolls
 d - a scroll of enchant weapon {unknown}
 k - a scroll of magic mapping {unknown}
 l - a scroll of teleportation {unknown}
 m - a scroll of immolation {unknown}
 n - a scroll of torment {unknown}
Potions
 b - a potion of ambrosia
 c - 3 potions of attraction {unknown}
 e - a potion of haste {unknown}
 g - 2 potions of mutation {unknown}
 h - a potion of invisibility {unknown}
 i - a potion of flight {unknown}
 j - a potion of might {unknown}
 o - a potion of heal wounds {unknown}


   Skills:
 - Level 3.0 Fighting
 - Level 3.2 Dodging
 - Level 1.5 Stealth
 + Level 3.5 Unarmed Combat You didn't know any spells. Your spell library was empty.

Dungeon Overview and Level Annotations

Branches:
Dungeon (2/15) Zot: 11144

Altars:


Innate Abilities, Weirdness & Mutations

You are immune to sickness and miasma.
You are immune to poison.
Your flesh is very heat resistant. (rF++)
You are vulnerable to cold. (rC-)
You float through the air rather than walking.
You learn spells naturally, not from books.
Your magical power is your life essence.
You have superior vitality. (+4 MHP)


Message History

You now have 33 gold pieces (gained 7).
m - a scroll labelled ENIAHI GOUTZ You now have 47 gold pieces (gained 14).
You now have 57 gold pieces (gained 10).
n - a scroll labelled LYS RAECONTECE
Found a ring mail.
You now have 68 gold pieces (gained 11).
You see here a +0 ring mail.
You reach down and open the door.
There is an open door here.
Found 6 poisoned darts.
You reach down and open the door.
There is an open door here.
o - an emerald potion You see here a +0 dagger.
You now have 74 gold pieces (gained 6).
You now have 89 gold pieces (gained 15).
You reach down and open the door.
There is an open door here.
You reach down and open the door.
There is an open door here.
There is an open door here.
There is an open door here.
There is a staircase leading out of the dungeon here.
Done exploring.
Done exploring.
Done exploring.
Done exploring.
Done exploring.
Done exploring.
Welcome back, holysushi the Djinni Monk.
Press ? for a list of commands and other information.
(D) Dungeon
Where to? (? - help)
There is an open door here.
There is a stone staircase leading down here.
You fly downwards.
There is a stone staircase leading up here.
You don't know any spells.
Are you sure you want to abandon this character and quit the game? (Confirm with "yes".)

#.#####
#.....#
#@# #.#
#.# #.#
#.# #.#
#.# ...


There were no monsters in sight!

Vanquished Creatures
  3 hobgoblins (D:1)
  A kobold (D:1)
  A quokka (D:1)
  A rat (D:1)
6 creatures vanquished.

Notes
Turn   | Place    | Note
-------+----------+-------------------------------------------
     0 | D:1      | holysushi the Djinni Monk began the quest for the Orb.
     0 | D:1      | Reached XP level 1. HP: 20/20 MP: 0/0
   346 | D:1      | Reached XP level 2. HP: 24/25 MP: 0/0
   858 | D:2      | Quit the game

Illustrated notes

Levels and vault maps discovered:
D:1:      eino_arrival_water_star, layout_basic
D:2:      layout_loops_ring, basic_altar

Action                     || total
---------------------------++-------
  Melee: Unarmed           ||    25
         Punch             ||     1
   Stab: Sleeping          ||     2
 Armour: Robe              ||     2
  Dodge: Dodged            ||    17

Table legend: (Time is in decaauts)
 A = Elapsed time spent in this place.
 B = Non-inter-level travel time spent in this place.
 C = Inter-level travel time spent in this place.
 D = Time resting spent in this place.
 E = Time spent auto-exploring this place.
 F = Levels seen in this place.
 G = Mean time per level.
                   A        B        C        D        E       F      G
               +--------+--------+--------+--------+--------+-----+--------+
         Total |    856 |    846 |     10 |      0 |    572 |   2 |  428.0 |
       Dungeon |    856 |    846 |     10 |      0 |    572 |   2 |  428.0 |
               +--------+--------+--------+--------+--------+-----+--------+

Top non-repeatable levels by time:
     D:1: 855 daAuts
     D:2: 0 daAuts
